 Dungeon Crawl Stone Soup version 0.29-a0-418-gc0181ea820 (console) character file.

Game seed: 17737993240842469542

154 om the Insei (level 5, -2/37 HPs)
             Began as a Merfolk Transmuter on May 17, 2022.
             Slain by a bullfrog (6 damage)
             ... in a sewer.
             The game lasted 00:07:10 (5590 turns).

om the Insei (Merfolk Transmuter)                   Turns: 5590, Time: 00:07:11

Health: -2/37      AC:  2    Str: 12    XL:     5   Next: 36%
Magic:  7/9        EV: 13    Int: 12    God:
Gold:   155        SH:  0    Dex: 15    Spells: 7/10 levels left

rFire   . . .      SeeInvis .     - Unarmed
rCold   . . .      Faith    .   (no shield)
rNeg    . . .      Spirit   .   c - +0 robe {Will+}
rPois   .          Reflect  .   (no helmet)
rElec   .          Harm     .   (no cloak)
rCorr   .          Rampage  .   (no gloves)
Will    +....                   (no boots)
Stlth   ++........              (no amulet)
HPRegen 0.12/turn               (no ring)
MPRegen 0.11/turn               (no ring)

@: wereblooded, attractive
A: (nimble swimmer 2), mertail
a: no special abilities


You were in a sewer.
You visited 1 branch of the dungeon, and saw 3 of its levels.
You also visited: Sewer.

You collected 155 gold pieces.

Inventory:

Armour
 a - a +0 robe
 c - a +0 robe of willpower (worn)
 g - a +0 ring mail
Wands
 l - a wand of paralysis (12)
Scrolls
 j - a scroll of magic mapping {unknown}
 m - a scroll of identify
Potions
 b - a potion of heal wounds {unknown}
 d - a potion of brilliance {unknown}
 e - a potion of degeneration {unknown}
 f - 2 potions of ambrosia {unknown}
 h - 2 potions of attraction
 i - 3 potions of curing
 k - a potion of haste {unknown}


   Skills:
 + Level 1.5 Fighting
 + Level 3.7 Dodging
 + Level 0.5 Stealth
 + Level 4.6 Unarmed Combat
 - Level 3.0 Spellcasting
 + Level 3.9 Transmutations


You had 7 spell levels left.
You knew the following spells:

 Your Spells              Type           Power      Damage    Failure   Level
a - Beastly Appendage     Tmut           22%        N/A       4%          1
b - Wereblood             Tmut           11%        N/A       8%          2

Your spell library contained the following spells:

 Spells                   Type           Power      Damage    Failure   Level
 Spider Form              Tmut/Pois      6%         N/A       32%         3
 Confusing Touch          Hex            1%         N/A       58%         3
 Ice Form                 Ice/Tmut       6%         N/A       73%         4
 Yara's Violent Unravell  Hex/Tmut       3%         3d4       97%         5
 Enfeeble                 Hex            0%         N/A       100%        7


Dungeon Overview and Level Annotations

Branches:
Dungeon (3/15)              Sewer (1/1)

Altars:

Shops:
D:2 [   D:3 =


Innate Abilities, Weirdness & Mutations

((You are very nimble when in or above water. (Stealth+, EV+, Speed+++)))
Your lower body shifts to a powerful aquatic tail in water.


Message History

Found three items.
Casting: Beastly Appendage (safe; 4% risk of failure)
Press: ? - help, Q - select action, (/) - cycle Dir - look around, f - activate You extend your transformation's duration.
The giant cockroach misses you.
You barely miss the giant cockroach. You headbutt the giant cockroach.
You kill the giant cockroach!
No target in view!
You see here a giant cockroach corpse.
Your transformation is almost over.
Your legs become a tail as you enter the water.
A giant cockroach comes into view.
A frilled lizard comes into view.
A bullfrog comes into view.
The frilled lizard hisses angrily.
A bullfrog comes into view.
Your legs become a tail as you enter the water.
The bullfrog gives a loud, deep croak! x2
Your legs become a tail as you enter the water.
Casting: Beastly Appendage (safe; 4% risk of failure)
Confirm with . or Enter, or press ? or * to list all spells.
Your blood is infused with primal strength.
Your horns disappear.
The bullfrog hits you! The bullfrog completely misses you.
You hit the bullfrog.
The bullfrog is moderately wounded.
The bullfrog hits you but does no damage.
The bullfrog hits you.
You barely miss the bullfrog.
The bullfrog is moderately wounded.
The bullfrog hits you! The bullfrog hits you.
* * * LOW HITPOINT WARNING * * *
The bullfrog closely misses you.
It was a potion of attraction.
You feel attractive to monsters. The bullfrog hits you.
* * * LOW HITPOINT WARNING * * *
The bullfrog closely misses you. The bullfrog hits you.
You die...

#############
#####.≈.≈.≈≈.≈.≈#
###.∩..≈†≈≈≈.≈†≈≈≈#
#≈...≈#########≈.≈#
∩.≈####≈≈†≈≈≈.≈≈≈≈####
####..≈≈#####≈≈≈.≈#≈≈##
#≈≈≈†.≈≈#≈∩.#######≈≈.####
.≈≈≈†####≈≈≈≈≈≈..#≈≈..≈.≈##
≈≈≈###≈≈.≈≈.≈≈.†@##≈†#≈≈≈≈##
≈≈##≈≈≈≈≈#######FF#≈≈##≈.≈≈#
≈##≈≈.≈###≈≈≈≈.#B.##..##≈≈≈##
≈#.≈≈≈##≈≈≈≈≈≈.≈l≈.#≈.≈#≈≈≈≈#
##≈≈≈##≈≈≈≈..l≈.≈≈.#.≈≈##≈..##
#≈≈≈.#≈≈≈≈≈≈≈≈$.≈≈≈#≈≈≈≈#.≈..#
#≈≈≈≈#≈.≈.≈≈.??}.≈≈#≈≈.≈#≈≈.∩#
#≈≈≈†#≈≈≈.≈.?$$.≈≈≈#≈≈.≈#≈≈..#
##≈≈≈##≈≈≈≈≈....≈≈##≈≈≈##≈≈≈##


You could see 2 bullfrogs, a giant cockroach and a frilled lizard.

Vanquished Creatures
  Terence (D:2)
  2 adders (D:2)
  A worm (D:3)
  2 dart slugs
  13 endoplasms
  10 giant cockroaches
  3 goblins
  6 hobgoblins
  3 jackals (D:3)
  7 kobolds
  12 quokkas
  11 ball pythons
  A bat (D:1)
  12 frilled lizards
  7 rats
91 creatures vanquished.

Notes
Turn   | Place    | Note
-------+----------+-------------------------------------------
     0 | D:1      | om the Merfolk Transmuter began the quest for the Orb.
     0 | D:1      | Reached XP level 1. HP: 15/15 MP: 3/3
   713 | D:1      | Reached XP level 2. HP: 21/21 MP: 3/5
  1135 | D:1      | Learned a level 2 spell: Wereblood
  1716 | D:2      | Reached XP level 3. HP: 18/26 MP: 4/6
  2049 | D:2      | Found Jyull's Armour Emporium.
  2049 | D:2      | Noticed Terence
  2068 | D:2      | Killed Terence
  2708 | D:2      | Reached XP level 4. HP: 11/32 MP: 6/8
  2953 | D:2      | Reached skill level 4 in Unarmed Combat
  4204 | D:3      | Found a faded altar of an unknown god.
  4217 | D:3      | Found Low Iqua's Jewellery Emporium.
  4669 | D:3      | Found a glowing drain.
  4681 | Sewer    | Entered a sewer
  4826 | Sewer    | Reached XP level 5. HP: 37/37 MP: 9/9
  5590 | Sewer    | Slain by a bullfrog

Illustrated notes

Levels and vault maps discovered:
D:1:      dpeg_arrival_erosion, layout_loops_cross, minmay_door_square
D:2:      layout_loops_cross, serial_shops, nicolae_shop_hallway_stairs,
          minmay_misc_feat_hallway, uniq_terence
D:3:      layout_rooms, nicolae_overflow_ecumenical_swirl,
          shapermc_ecumenical_altar_acropolis, serial_shops,
          nicolae_shop_crystal, portal_sewer_entry_b
Sewer:    sewer_frog_island_02

Skill      XL: |  1  2  3  4  5 |
---------------+----------------+-----
Transmutations | 3 |  3.9
Dodging        | 3 |  3.7
Unarmed Combat | 4 |  4.6
Spellcasting   | 3 |  3.0
Fighting       | |  1.5
Stealth        | |  0.5

Action                   |  1- 3 |  4- 6 || total
-------------------------+-------+-------++-------
Melee: Unarmed           |   101 |   184 ||   285
       Headbutt          |    12 |    24 ||    36
       Punch             |     3 |     3 ||     6
       Tailslap          |       |     5 ||     5
 Cast: Beastly Appendage |    18 |    25 ||    43
       Wereblood         |       |     2 ||     2
  Use: Scroll            |     2 |     1 ||     3
       Potion            |     2 |     1 ||     3
 Stab: Sleeping          |       |     5 ||     5
Armor: Robe              |    15 |    28 ||    43
       Skin              |     3 |       ||     3
Dodge: Dodged            |    65 |   127 ||   192

Table legend: (Time is in decaauts)
 A = Elapsed time spent in this place.
 B = Non-inter-level travel time spent in this place.
 C = Inter-level travel time spent in this place.
 D = Time resting spent in this place.
 E = Time spent auto-exploring this place.
 F = Levels seen in this place.
 G = Mean time per level.
                   A        B        C        D        E       F      G
               +--------+--------+--------+--------+--------+-----+--------+
         Total |   5517 |   5456 |     61 |   2917 |   1758 |   4 | 1379.2 |
       Dungeon |   4666 |   4605 |     61 |   2410 |   1621 |   3 | 1555.3 |
         Sewer |    851 |    851 |      0 |    507 |    136 |   1 |  851.0 |
               +--------+--------+--------+--------+--------+-----+--------+

Top non-repeatable levels by time:
     D:2: 2389 daAuts
     D:1: 1645 daAuts
   Sewer: 851 daAuts
     D:3: 631 daAuts
